 Dungeon Crawl Stone Soup version 0.29-a0-219-g0a02b1cf4f (webtiles) character file.

Game seed: 3938789801127245545

30 Hubjo the Sneak (level 3, -1/26 HPs)
             Began as a Vampire Enchanter on Feb 26, 2022.
             Was a Follower of Uskayaw.
             Slain by Terence
             ... wielding a +3 falchion of freezing
              (8 damage)
             ... on level 2 of the Dungeon.
             The game lasted 00:01:54 (1290 turns).

Hubjo the Sneak (Vampire Enchanter)                 Turns: 1290, Time: 00:01:54

Health: -1/26      AC:  5    Str:  7    XL:     3   Next: 5%
Magic:  6/6        EV: 12    Int: 17    God:    Uskayaw [*.....]
Gold:   108        SH:  0    Dex: 16    Spells: 0/6 levels left

rFire   . . .      SeeInvis +   a - +1 dagger
rCold   + . .      Faith    .   (no shield)
rNeg    . . .      Spirit   .   b - +0 robe
rPois   .          Reflect  .   k - +0 helmet
rElec   .          Harm     .   (no cloak)
rCorr   .          Rampage  .   m - +1 pair of gloves
Will    .....                   (no boots)
Stlth   +++.......              (no amulet)
HPRegen 0.28/turn               j - ring of protection from cold
MPRegen 0.10/turn               h - ring of flight

@: flying, healing quickly
A: alive, fangs 3, see invisible, vampiric 2
a: Exsanguinate, Renounce Religion, Stomp


You were on level 2 of the Dungeon.
You worshipped Uskayaw.
Uskayaw was noncommittal.
You visited 1 branch of the dungeon, and saw 2 of its levels.

You collected 108 gold pieces.

Inventory:

Hand Weapons
 a - a +1 dagger (weapon)
 l - the +1 spear "Usutuit" {vamp, Dex+4}
   (You found it on level 2 of the Dungeon)

   It occasionally heals its wielder for a portion of the damage dealt when it
   wounds a living foe.
   Dex:       It affects your dexterity (+4).
Armour
 b - a +0 robe (worn)
 k - a +0 helmet (worn)
 m - a +1 pair of gloves (worn)
Jewellery
 h - a ring of flight (right hand)
 j - a ring of protection from cold (left hand)
Scrolls
 f - a scroll of identify {unknown}
 o - a scroll of holy word {unknown}
Potions
 c - a potion of invisibility
 d - a potion of degeneration {unknown}
 e - a potion of heal wounds {unknown}
 g - a potion of mutation {unknown}
 n - a potion of haste {unknown}


   Skills:
 * Level 1.1 Fighting
 + Level 1.5 Short Blades
 + Level 2.4 Dodging
 * Level 5.1 Stealth
 - Level 2.0 Spellcasting
 + Level 4.6 Hexes


You couldn't memorise any spells.
You knew the following spells:

 Your Spells              Type           Power      Damage    Failure   Level
a - Tukima's Dance        Hex            17%        N/A       9%          3
b - Dazzling Flash        Conj/Hex       18%        N/A       22%         3

Your spell library contained the following spells:

 Spells                   Type           Power      Damage    Failure   Level
 Confusing Touch          Hex            17%        N/A       9%          3
 Ensorcelled Hibernation  Hex/Ice        18%        N/A       12%         2
 Shock                    Conj/Air       4%         1d3       19%         1
 Corpse Rot               Necr/Air       2%         N/A       28%         2
 Swiftness                Air            1%         N/A       50%         3
 Airstrike                Air            0%         N/A       88%         4
 Dispel Undead            Necr           1%         3d6       88%         4
 Death Channel            Necr           0%         N/A       100%        6


Dungeon Overview and Level Annotations

Branches:
Dungeon (2/15)

Altars:
Uskayaw

Annotations:
D:2 Terence


Innate Abilities, Weirdness & Mutations

Your natural rate of healing is accelerated.
You have razor-sharp teeth.
You have supernaturally acute eyesight. (SInv)
You are afflicted with vampirism and can become a bat while bloodless.


Message History

Terence hits you with a +3 falchion of freezing.
You barely miss Terence.
Terence hits you with a +3 falchion of freezing.
You hit Terence but do no damage. Your bite misses Terence.
Terence hits you with a +3 falchion of freezing.
You barely miss Terence. Terence barely misses you.
You hit Terence. Your bite misses Terence.
Terence is lightly wounded.
Terence says, "Did you write a will?
You should..."
Terence hits you with a +3 falchion of freezing.
You barely miss Terence.
Terence is lightly wounded.
You barely miss Terence.
Terence is lightly wounded.
Terence hits you with a +3 falchion of freezing.
Terence freezes you.
You are too injured to fight recklessly!
You are too injured to fight recklessly!
You are too injured to fight recklessly!
You are too injured to fight recklessly!
You are too injured to fight recklessly!
You are too injured to fight recklessly!
You are too injured to fight recklessly!
You are too injured to fight recklessly!
You are too injured to fight recklessly!
You are too injured to fight recklessly!
You are too injured to fight recklessly!
You are too injured to fight recklessly!
You are too injured to fight recklessly!
You hit Terence.
Terence is moderately wounded.
Terence hits you with a +3 falchion of freezing.
* * * LOW HITPOINT WARNING * * *
You hit Terence but do no damage.
Terence is moderately wounded.
Terence closely misses you.
As you read the scroll labelled UREOHA QEUM, it crumbles to dust.
The scroll dissolves into smoke.
It was a scroll of fog.
Terence hits you with a +3 falchion of freezing!
You die...

#.. #.. #.. #.. #.. #.#
#.. #.# #.. #.# #..
#########§############..
.....§§§§...............
.....§@@§§...........#..
#######§§.#####......#).
#.§§# #.......## #..[#
#.......## #...#
###....... .....
#.####.# ......# #.# #.#
.......# #.# #.. #.# #.#


You could see Terence.

Vanquished Creatures
  2 dart slugs (D:1)
  A ball python (D:1)
  5 bats
  An endoplasm (D:1)
  3 giant cockroaches
  2 goblins
  3 hobgoblins
  2 quokkas (D:1)
  2 kobolds
21 creatures vanquished.

Notes
Turn   | Place    | Note
-------+----------+-------------------------------------------
     0 | D:1      | Hubjo the Vampire Enchanter began the quest for the Orb.
     0 | D:1      | Reached XP level 1. HP: 13/13 MP: 3/3
   161 | D:1      | Reached XP level 2. HP: 20/20 MP: 5/5
   191 | D:1      | Found a faded altar of an unknown god.
   287 | D:1      | Prayed at the altar of an unknown god.
   287 | D:1      | Became a worshipper of Uskayaw the Reveller
   287 | D:1      | Reached * piety under Uskayaw
   576 | D:1      | Reached skill level 1 in Fighting
   954 | D:2      | Reached skill level 5 in Stealth
   977 | D:2      | Reached ** piety under Uskayaw
   993 | D:2      | Identified the +1 spear "Usutuit" {vamp, Dex+4}
  1103 | D:2      | Gained mutation: You are afflicted with vampirism and can
                  | become a bat while bloodless. [Vampire growth]
  1103 | D:2      | Reached XP level 3. HP: 26/26 MP: 6/6
  1107 | D:2      | Learned a level 3 spell: Tukima's Dance
  1111 | D:2      | Learned a level 3 spell: Dazzling Flash
  1276 | D:2      | Noticed Terence
  1290 | D:2      | Slain by Terence

Illustrated notes

Levels and vault maps discovered:
D:1:      minmay_arrival_stair_chambers, layout_basic,
          shapermc_ecumenical_altar_venn
D:2:      layout_basic, uniq_terence

Skill      XL: |  1  2 |
---------------+-------+-----
Fighting       | 1 |  1.1
Stealth        | 5 |  5.1
Short Blades   | |  1.5
Dodging        | |  2.4
Spellcasting   | |  2.0
Hexes          | |  4.6

Action                   || total
-------------------------++-------
Melee: Dagger            ||    86
       Bite              ||     6
       Punch             ||     1
  Use: Scroll            ||     1
 Stab: Sleeping          ||     7
Armor: Robe              ||    12
Dodge: Dodged            ||    66

Table legend: (Time is in decaauts)
 A = Elapsed time spent in this place.
 B = Non-inter-level travel time spent in this place.
 C = Inter-level travel time spent in this place.
 D = Time resting spent in this place.
 E = Time spent auto-exploring this place.
 F = Levels seen in this place.
 G = Mean time per level.
                   A        B        C        D        E       F      G
               +--------+--------+--------+--------+--------+-----+--------+
         Total |   1282 |   1229 |     53 |      0 |    974 |   2 |  641.0 |
       Dungeon |   1282 |   1229 |     53 |      0 |    974 |   2 |  641.0 |
               +--------+--------+--------+--------+--------+-----+--------+

Top non-repeatable levels by time:
     D:1: 887 daAuts
     D:2: 395 daAuts
